 Dungeon Crawl Stone Soup version 0.29.1-14-g9c671dbff4 (webtiles) character file.

Game seed: 8751659956077255223

8682 hawla the Thaumaturge (level 11, -11/85 HPs)
             Began as a Meteoran Ice Elementalist on Feb 18, 2023.
             Was a Follower of Vehumet.
             Mangled by a snapping turtle (19 damage)
             ... summoned by a worldbinder
             ... in a Gauntlet.
             The game lasted 00:22:12 (5695 turns).

hawla the Thaumaturge (Meteoran Ice Elementalist)   Turns: 5695, Time: 00:22:13

Health: -11/85     AC: 15    Str: 12    XL:     11   Next: 90%
Magic:  26/27      EV: 17    Int: 26    God:    Vehumet [*.....]
Gold:   400        SH:  0    Dex: 24    Spells: 25/33 levels left

rFire   . . .      SeeInvis .   a - +2 flail (distort)
rCold   . . .      Faith    .   (no shield)
rNeg    . . .      Spirit   .   t - +3 steam dragon scales
rPois   +          Reflect  .   G - +1 helmet
rElec   .          Harm     .   x - +2 cloak {rPois}
rCorr   .          Rampage  .   q - +0 pair of gloves
Will    +....      NoTele   +   A - +0 pair of boots
Stlth   +.........              (no amulet)
HPRegen 0.24/turn               l - +6 ring of intelligence
MPRegen 0.20/turn               n - +6 ring of dexterity

@: confused, ambrosia-drunk, freezing walls, glowing
A: sense surroundings 2, otherworldly, glowing, explore regen, agile 1, strong
1, MP-powered wands
a: Renounce Religion


You were in a Gauntlet.
You worshipped Vehumet.
Vehumet was aware of your devotion.
You visited 2 branches of the dungeon, and saw 10 of its levels.
You also visited: Gauntlet.

You collected 400 gold pieces.

Inventory:

Hand Weapons
 a - a +2 flail of distortion (weapon)
 y - the +9 quarterstaff "Kuerijis" {flame, *Corrode rF+ rC+}
   (You found it on level 6 of the Dungeon)

   It burns those it strikes, dealing additional fire damage.
   rF:        It protects you from fire.
   rC:        It protects you from cold.
   *Corrode:  It may corrode you when you take damage.
Armour
 j - the +2 pair of gloves "Woidwel" {Harm}
   (You found it on level 1 of the Lair of Beasts)

   Harm:      It increases damage dealt and taken.
 q - a +0 pair of gloves (worn)
 t - +3 steam dragon scales (worn)
 x - a +2 cloak of poison resistance (worn)
 A - a +0 pair of boots (worn)
 G - a +1 helmet (worn)
Jewellery
 l - a +6 ring of intelligence (left hand)
 n - a +6 ring of dexterity (right hand)
 E - a ring of protection from fire
Wands
 k - a wand of charming (12)
 u - a wand of flame (28) (quivered)
 F - a wand of polymorph (6)
Scrolls
 b - a scroll of identify
 c - a scroll of noise
 e - a scroll of amnesia
 h - 2 scrolls of vulnerability
 i - a scroll of immolation
 o - 2 scrolls of acquirement {unknown}
 p - a scroll of brand weapon {unknown}
 s - 2 scrolls of blinking {unknown}
 B - 2 scrolls of enchant weapon {unknown}
 C - a scroll of torment {unknown}
Potions
 f - 3 potions of flight {unknown}
 g - a potion of might
 r - a potion of lignification {unknown}
 v - a potion of heal wounds {unknown}
 w - 2 potions of curing
 D - a potion of brilliance {unknown}
 H - a potion of attraction {unknown}
Miscellaneous
 z - a condenser vane


   Skills:
 + Level 4.9 Fighting
 + Level 8.2(8.4) Maces & Flails
 + Level 1.6(5.0) Staves
 + Level 6.8 Dodging
 - Level 1.4 Stealth
 + Level 11.5 Spellcasting
 + Level 6.3 Conjurations
 + Level 10.4 Ice Magic
 + Level 3.0 Air Magic
 + Level 3.4 Evocations


You had 25 spell levels left.
You knew the following spells:

 Your Spells              Type           Power      Damage    Failure   Level
a - Freeze                Ice            100%       1d11      1%          1
b - Frozen Ramparts       Ice            100%       1d16      1%          3
c - Hailstorm             Conj/Ice       55%        3d12      1%          4

Your spell library contained the following spells:

 Spells                   Type           Power      Damage    Failure   Level
 Foxfire                  Conj/Fire      100%       2x1d9     1%          1
 Magic Dart               Conj           100%       1d8       1%          1
 Ensorcelled Hibernation  Hex/Ice        84%        N/A       1%          2
 Ozocubu's Armour         Ice            62%        N/A       1%          3
 Mephitic Cloud           Conj/Pois/Air  31%        N/A       3%          3
 Call Imp                 Summ           15%        N/A       6%          2
 Call Canine Familiar     Summ           15%        N/A       12%         3
 Gell's Gravitas          Tloc           15%        N/A       12%         3
 Lesser Beckoning         Tloc           15%        N/A       12%         3
 Portal Projectile        Hex/Tloc       30%        N/A       12%         3
 Spider Form              Tmut/Pois      15%        N/A       12%         3
 Teleport Other           Tloc           15%        N/A       12%         3
 Anguish                  Hex/Necr       7%         N/A       36%         4
 Leda's Liquefaction      Hex/Erth       7%         N/A       36%         4


Dungeon Overview and Level Annotations

Branches:
Dungeon (9/15) Zot: 187    Temple (0/1) D:7            Lair (1/5) D:9 Zot: 294
Gauntlet (1/1) Zot: 587
    Orc: D:9-12

Altars:
Cheibriados
Gozag
Kikubaaqudgha
Ru
Trog
Uskayaw
Vehumet
Xom

Shops:
D:1 [

Annotations:
Gauntlet 3 transporters


Innate Abilities, Weirdness & Mutations

You passively map the area around you.
You are easily found by Zot.
You glow in the dark.
You regain HP and MP as you explore.
You are agile. (Dex +4, Str/Int -1)
Your muscles are strong. (Str +4, Int/Dex -1)
You expend magic power (3 MP) to strengthen your wands.


Message History

The snapping turtle is severely wounded.
The wall freezes the worldbinder!
The worldbinder hits you but does no damage.
The worldbinder misses you.
The wall freezes the snapping turtle.
The snapping turtle bites you from afar!!
* * * LOW HITPOINT WARNING * * *
The wall freezes the snapping turtle!
The snapping turtle bites you but does no damage.
The wall freezes the manticore but does no damage.
The manticore misses you. The manticore claws you.
* * * LOW HITPOINT WARNING * * *
The manticore claws you but does no damage.
You are confused.
You feel invigorated.
The wall freezes the worldbinder.
The worldbinder barely misses you. x2; The wall freezes the snapping turtle.
The snapping turtle closely misses you.
The wall freezes the worldbinder.
The worldbinder completely misses you.
The worldbinder hits you but does no damage.
The wall freezes the snapping turtle!!
The snapping turtle seems to slow down.
The snapping turtle barely misses you.
The wall freezes the manticore!
The manticore bites you!
* * * LOW HITPOINT WARNING * * *
The manticore claws you.
* * * LOW HITPOINT WARNING * * *
The manticore misses you.
The wall freezes the snapping turtle.
The snapping turtle seems to slow down.
The snapping turtle barely misses you.
The wall freezes the worldbinder but does no damage.
The worldbinder barely misses you.
The worldbinder hits you but does no damage.
The wall freezes the manticore.
The manticore bites you but does no damage.
The manticore claws you.
* * * LOW HITPOINT WARNING * * *
The manticore claws you but does no damage.
The wall freezes the worldbinder but does no damage.
The worldbinder hits you but does no damage.
The worldbinder closely misses you.
The wall freezes the snapping turtle!
The snapping turtle bites you from afar!!
You die...

* ** * , * , ,, , ,
...©#..., * , , 8 8
.8.#.8 ≈ ,.. ..©#..
≈# ** ** ###** ####
.## , .#.# .©?#
#.≈# , ,,
#.#.#.##[.#.#.≈≈
*.#.#.##.H##..#.≈#
*
©.#.#.##..@x.##.##
~,
.##W#.#..##tt##.≈#
* *
##.W#.#.#.g##.#.≈≈
,....#.#.#.g...#.≈#
,**
#####.#########.##
,,
©.........©.....≈#*
~
#..∩.8.∩..#≈≈≈#≈≈≈
~ ##.......###≈##
~* * * ##≈≈≈≈≈## ##
*


You could see 2 snapping turtles, a manticore (summoned), a worldbinder, 2
shadows and 2 boggarts.

Vanquished Creatures
  A sea snake (D:9)
  Pikel (D:6)
  A komodo dragon (Lair:1)
  A hornet (D:9)
  3 blink frogs (Lair:1)
  9 yaks (Lair:1)
  4 wyverns (D:9)
  Grum (D:8)
  A basilisk (D:9)
  2 steam dragons
  Edmund (D:6)
  An ice beast (D:8)
  3 water moccasins
  4 orc warriors
  3 sky beasts
  A hornet zombie (D:7)
  An ogre (D:6)
  A boggart (Gauntlet)
  4 wolves (D:8)
  2 lemures (D:6)
  2 phantoms
  2 kobold brigands (D:7)
  A necrophage (D:6)
  3 gnoll sergeants
  2 scorpions (D:5)
  5 wights
  4 killer bees (D:8)
  A howler monkey (D:7)
  A centaur zombie (D:7)
  A gnoll bouda (D:7)
  2 jellies
  2 orc priests
  Crazy Yiuf (D:6)
  2 hounds
  4 iguanas
  Terence (D:3)
  8 orc wizards
  15 gnolls
  An adder (D:5)
  A shadow imp (D:5)
  3 ufetubi
  2 worms
  A dart slug (D:1)
  21 orcs
  2 endoplasms (D:1)
  2 giant cockroaches (D:3)
  13 goblins
  6 hobgoblins
  6 jackals
  2 quokkas
  6 ball pythons
  5 bats
  3 frilled lizards
  11 kobolds
  3 rats
190 creatures vanquished.

Vanquished Creatures (others)
  An orc (D:9)
  3 fungi (Lair:1)
  7 plants (D:9)
  3 withered plants (D:7)
14 creatures vanquished.

Grand Total: 204 creatures vanquished

Notes
Turn   | Place    | Note
-------+----------+-------------------------------------------
     0 | D:1      | hawla the Meteoran Ice Elementalist began the quest for the
                  | Orb.
     0 | D:1      | Reached XP level 1. HP: 14/14 MP: 5/5
     9 | D:1      | Found Plog's Antique Armour Emporium.
    33 | D:1      | Reached XP level 2. HP: 17/20 MP: 1/6
   219 | D:1      | Reached skill level 3 in Spellcasting
   295 | D:1      | Reached XP level 3. HP: 22/26 MP: 5/8
   299 | D:1      | Learned a level 3 spell: Frozen Ramparts
   329 | D:1      | Found a faded altar of an unknown god.
   400 | D:1      | Reached skill level 5 in Ice Magic
   655 | D:2      | Reached XP level 4. HP: 21/33 MP: 3/10
   693 | D:2      | Found a bloodstained altar of Trog.
   916 | D:3      | Noticed Terence
   945 | D:2      | Learned a level 4 spell: Hailstorm
  1157 | D:3      | Killed Terence
  1158 | D:3      | Reached skill level 1 in Conjurations
  1158 | D:3      | Reached skill level 1 in Air Magic
  1158 | D:3      | Reached skill level 1 in Evocations
  1158 | D:3      | Reached XP level 5. HP: 28/38 MP: 3/11
  1364 | D:4      | You fall into a shaft and drop 1 floor!
  1364 | D:5      | Entered Level 5 of the Dungeon
  1412 | D:5      | Reached XP level 6. HP: 45/45 MP: 6/12
  1473 | D:5      | Reached skill level 5 in Conjurations
  1585 | D:5      | Reached XP level 7. HP: 50/50 MP: 8/13
  2074 | D:6      | Noticed a water moccasin
  2184 | D:6      | Noticed a steam dragon
  2189 | D:6      | Killed a steam dragon
  2190 | D:6      | Reached skill level 4 in Spellcasting
  2300 | D:6      | Killed a water moccasin
  2301 | D:6      | Reached XP level 8. HP: 49/57 MP: 8/15
  2379 | D:6      | Noticed Edmund
  2386 | D:6      | Killed Edmund
  2387 | D:6      | Reached skill level 1 in Staves
  2387 | D:6      | Reached skill level 5 in Spellcasting
  2479 | D:6      | Reached skill level 1 in Fighting
  2499 | D:6      | Reached skill level 6 in Spellcasting
  2553 | D:6      | Noticed Pikel
  2560 | D:6      | Killed Pikel
  2561 | D:6      | Reached skill level 7 in Spellcasting
  2561 | D:6      | Gained mutation: You passively map the area around you.
                  | [Meteoran growth]
  2561 | D:6      | Reached XP level 9. HP: 55/68 MP: 9/20
  2724 | D:6      | Identified the +9 quarterstaff "Kuerijis" {flame, *Corrode
                  | rF+ rC+}
  2885 | D:6      | Found a runed translucent door.
  2886 | D:6      | Noticed Crazy Yiuf
  2891 | D:6      | Killed Crazy Yiuf
  3058 | D:7      | Reached skill level 8 in Spellcasting
  3081 | D:7      | Gained mutation: Your muscles are strong. (Str +4, Int/Dex
                  | -1) [potion of mutation]
  3081 | D:7      | Gained mutation: You have hidden genetic defects. [potion
                  | of mutation]
  3081 | D:7      | Gained mutation: Your spells are a little harder to cast,
                  | but a little more powerful. [potion of mutation]
  3082 | D:7      | Lost mutation: Your muscles are strong. (Str +4, Int/Dex
                  | -1) [potion of mutation]
  3082 | D:7      | Lost mutation: You have hidden genetic defects. [potion of
                  | mutation]
  3082 | D:7      | Lost mutation: Your spells are a little harder to cast, but
                  | a little more powerful. [potion of mutation]
  3082 | D:7      | Gained mutation: You possess an exceptional clarity of
                  | mind. [potion of mutation]
  3082 | D:7      | Lost mutation: You possess an exceptional clarity of mind.
                  | [potion of mutation]
  3082 | D:7      | Gained mutation: You have hidden genetic potential. [potion
                  | of mutation]
  3082 | D:7      | Gained mutation: You are agile. (Dex +4, Str/Int -1)
                  | [potion of mutation]
  3220 | D:7      | Reached XP level 10. HP: 73/77 MP: 9/23
  3555 | D:7      | Found a snail-covered altar of Cheibriados.
  3566 | D:7      | Reached skill level 5 in Maces & Flails
  3635 | D:7      | Found a shimmering altar of Xom.
  3639 | D:7      | Found an ancient bone altar of Kikubaaqudgha.
  3640 | D:7      | Found an opulent altar of Gozag.
  3641 | D:7      | Found a sacrificial altar of Ru.
  3644 | D:7      | Found a radiant altar of Vehumet.
  3698 | D:7      | Found a staircase to the Ecumenical Temple.
  3746 | D:7      | Became a worshipper of Vehumet
  3874 | D:8      | Reached skill level 5 in Dodging
  3929 | D:8      | Reached skill level 9 in Spellcasting
  3935 | D:8      | Noticed Grum
  3943 | D:8      | Gained mutation: You expend magic power (3 MP) to
                  | strengthen your wands. [hidden potential]
  3945 | D:8      | Killed Grum
  4401 | D:8      | Reached * piety under Vehumet
  4401 | D:8      | Offered knowledge of Foxfire by Vehumet.
  4637 | D:9      | Found a hide-covered altar of Uskayaw.
  4690 | D:9      | Noticed a boulder beetle
  4692 | D:9      | Noticed a sea snake
  4692 | D:9      | a boulder beetle changed into a sea snake
  4702 | D:9      | Killed a sea snake
  4703 | D:9      | Reached XP level 11. HP: 42/84 MP: 6/25
  4978 | D:9      | Reached skill level 10 in Spellcasting
  5042 | D:9      | Gained mutation: Your muscles are strong. (Str +4, Int/Dex
                  | -1) [hidden potential]
  5042 | D:9      | Lost mutation: You have hidden genetic potential. [hidden
                  | potential expressed]
  5064 | D:9      | Found a staircase to the Lair.
  5263 | D:9      | Glimpsed the power of Zot.
  5313 | D:9      | Glimpsed the power of Zot.
  5353 | D:9      | Glimpsed the power of Zot.
  5363 | D:9      | Touched by the power of Zot.
  5377 | Lair:1   | Entered Level 1 of the Lair of Beasts
  5484 | Lair:1   | Reached skill level 10 in Ice Magic
  5486 | Lair:1   | Reached skill level 11 in Spellcasting
  5503 | Lair:1   | Noticed a seven-headed hydra
  5620 | Lair:1   | HP: 3/79 [seven-headed hydra (11)]
  5671 | Lair:1   | Found a gate leading to a gauntlet.
  5679 | Lair:1   | Identified the +2 pair of gloves "Woidwel" {Harm}
  5683 | Gauntlet | Entered a Gauntlet
  5683 | Gauntlet | Found a transporter.
  5683 | Gauntlet | Found a transporter.
  5685 | Gauntlet | Noticed a worldbinder
  5687 | Gauntlet | Found a transporter.
  5687 | Gauntlet | Found a transporter.
  5689 | Gauntlet | Noticed a manticore
  5693 | Gauntlet | HP: 2/85 [manticore[a worldbinder] (6)]
  5695 | Gauntlet | Mangled by a snapping turtle

Illustrated notes

Levels and vault maps discovered:
D:1:      minmay_arrival_three_doors, layout_basic,
          shapermc_ecumenical_altar_notcrosses, serial_shops, shop_fountains
D:2:      layout_rooms, basic_altar, minmay_liquid_box
D:3:      layout_basic, serial_shops, nicolae_shop_statue_plus, uniq_terence,
          uniq_robin
D:4:      layout_basic, chequers_serial_rivers_micro_a, kennysheep_diamond,
          uniq_sigmund
D:5:      layout_loops_ring, kennysheep_flooded_box, minmay_strange_pillars
D:6:      layout_basic, minmay_ogre_servants, uniq_pikel, uniq_edmund,
          uniq_crazy_yiuf_cottage
D:7:      layout_loops_ring, slow_altar_2, minitemple,
          minmay_temple_entry_proselytizer, serial_undead, serial_undead_b,
          serial_undead_e, serial_undead_c, serial_undead_e
D:8:      layout_basic, moated_statue, uniq_grum
D:9:      layout_cave_pods, nicolae_elyvilon_temple_path, old_standard_altar,
          erik_lair_dragon, grunt_ogre_cave
Lair:1:   layout_cave_pods, gauntlet_entry_generic, grunt_megastairs_3
Gauntlet: minmay_gauntlet_77_indecision [minmay_gauntlet_arena_77_squiggly,
          minmay_gauntlet_arena_77_hold_the_fort,
          minmay_gauntlet_arena_77_radiant_squares,
          minmay_gauntlet_arena_77_chump_sandwich,
          minmay_gauntlet_arena_77_mess, minmay_gauntlet_arena_77_broken_ladder,
          nicolae_gauntlet_exit_dead_adventurers]

Skill      XL: |  1  2  3  4  5  6  7  8  9 10 11 |
---------------+----------------------------------+-----
Spellcasting   | 3 4 7 8 9 11 | 11.5
Ice Magic      | 5 6 7 9 10 | 10.4
Conjurations   | 1 3 5 6 |  6.3
Air Magic      | 1 2 3 |  3.0
Evocations     | 1 2 3 |  3.4
Dodging        | 3 4 5 6 |  6.8
Staves         | 1 |  1.6
Fighting       | 2 3 4 |  4.9
Maces & Flails | 2 3 7 8 |  8.2
Stealth        | |  1.4

Action                   |  1- 3 |  4- 6 |  7- 9 | 10-12 || total
-------------------------+-------+-------+-------+-------++-------
Melee: Unarmed           |     6 |       |       |       ||     6
       Punch             |     1 |       |       |     1 ||     2
       Staff             |       |    42 |     8 |       ||    50
       Flail             |       |       |    56 |   124 ||   180
 Cast: Freeze            |    51 |    17 |    22 |    35 ||   125
       Frozen Ramparts   |       |    10 |    17 |    22 ||    49
       Hailstorm         |       |     6 |    15 |    32 ||    53
Evoke: Wand              |       |       |       |     6 ||     6
  Use: Scroll            |       |     6 |     6 |     6 ||    18
       Potion            |       |     3 |     2 |     4 ||     9
 Stab: Sleeping          |       |       |       |     1 ||     1
Armor: Robe              |    25 |    11 |     1 |       ||    37
       Steam dragon scal |       |       |    27 |   100 ||   127
Dodge: Dodged            |    48 |    40 |    61 |   160 ||   309
